 Dungeon Crawl Stone Soup version 0.29-a0-221-gceb61267dd (webtiles) character file.

Game seed: 1450682397995853496

751 sammy202020 the Skirmisher (level 7, 0/55 HPs)
             Began as a Demonspawn Fighter on Feb 26, 2022.
             Was an Initiate of Hepliaklqana.
             Slain by an adder (3 damage)
             ... on level 5 of the Dungeon.
             The game lasted 00:15:08 (6587 turns).

sammy202020 the Skirmisher (Demonspawn Fighter)     Turns: 6587, Time: 00:15:10

Health: 0/55       AC:  5    Str: 18    XL:     7   Next: 49%
Magic:  7/7        EV: 10    Int: 10    God:    Hepliaklqana [......]
Gold:   379        SH:  5    Dex: 12    Spells: 6/6 levels left

rFire   . . .      SeeInvis .   a - +1 flail
rCold   . . .      Faith    .   c - +0 buckler
rNeg    . . .      Spirit   .   b - +0 scale mail
rPois   +          Reflect  .   (no helmet)
rElec   .          Harm     .   (no cloak)
rCorr   .          Rampage  .   (no gloves)
Will    .....                   (no boots)
Stlth   ..........              (no amulet)
HPRegen 0.18/turn               j - ring of poison resistance
MPRegen 0.10/turn               (no ring)

@: corroded
A: hooves 1, icy blue scales 1, powered by pain 1
a: Renounce Religion


You were on level 5 of the Dungeon.
You worshipped Hepliaklqana.
Hepliaklqana was noncommittal.
You visited 2 branches of the dungeon, and saw 6 of its levels.

You collected 379 gold pieces.

Inventory:

Hand Weapons
 a - a +1 flail (weapon)
Armour
 b - a +0 scale mail (worn)
 c - a +0 buckler (worn)
 h - a +0 pair of boots
Jewellery
 j - a ring of poison resistance (left hand)
Wands
 k - a wand of iceblast (9)
Scrolls
 l - a scroll of fear
Potions
 d - a potion of mutation {unknown}
 e - 3 potions of curing
 g - a potion of lignification
 i - 4 potions of brilliance
 m - a potion of ambrosia


   Skills:
 + Level 4.8 Fighting
 + Level 3.7 Maces & Flails
 + Level 4.3 Armour
 + Level 3.0 Dodging
 + Level 4.3 Shields


You had 6 spell levels left.
You didn't know any spells.
Your spell library contained the following spells:

 Spells                   Type           Power      Damage    Failure   Level
 Ensorcelled Hibernation  Hex/Ice        0%         N/A       92%         2
 Passwall                 Tmut/Erth      0%         N/A       92%         2
 Swiftness                Air            0%         N/A       99%         3


Dungeon Overview and Level Annotations

Branches:
Dungeon (5/15)             Temple (1/1) D:4

Altars:
Ashenzari
Cheibriados
Dithmenos
Elyvilon
Fedhas
Gozag
Hepliaklqana
Kikubaaqudgha
Makhleb
Nemelex Xobeh
Okawaru
Qazlal
Ru
Sif Muna
Trog
Uskayaw
Vehumet
Wu Jian
Xom
Yredelemnul
Zin
The Shining One

Shops:
D:1 [


Innate Abilities, Weirdness & Mutations

You have large cloven feet.
You are partially covered in icy blue scales. (AC +2)
You sometimes gain a little power by taking damage.


Message History

The jelly closely misses you.
You hit the hound.
The hound is severely wounded.
The hound barely misses you. You block the scorpion's attack.
The quokka twitches its whiskers.
The gnoll barely misses you. The hound barely misses you.
The gnoll hits you with a +0 whip. The jelly hits you. The acid corrodes you!
You are splashed with acid!
The scorpion stings you. The jelly completely misses you.
The scorpion stings you but does no damage.
The hound bites you.
An adder comes into view.
The adder hisses angrily.
The scorpion closely misses you. The quokka bites you.
The hound bites you but does no damage. The adder closely misses you.
You barely miss the adder. Your kick misses the adder.
The quokka closely misses you. You block the hound's attack.
The adder bites you but does no damage. The quokka bites you.
* * * LOW HITPOINT WARNING * * *
You block the hound's attack.
You closely miss the adder. Your kick misses the adder. The adder bites you.
* * * LOW HITPOINT WARNING * * *
The hound closely misses you. The quokka barely misses you.
The gnoll hits you but does no damage. The adder closely misses you.
The hound closely misses you.
You closely miss the adder. The quokka bites you.
* * * LOW HITPOINT WARNING * * *
You block the hound's attack. The adder misses you.
The gnoll hits you with a +0 flail.
* * * LOW HITPOINT WARNING * * *
The quokka barely misses you. The hound misses you.
You sock the adder! Your kick misses the adder.
The adder is almost dead.
The adder bites you but does no damage. The gnoll hits you with a +0 flail!
* * * LOW HITPOINT WARNING * * *
The gnoll barely misses you. The hound closely misses you.
The quokka bites you but does no damage.
The adder bites you.
You die...

#........ .#
#........ ..
#........ .#
#........ ..
#........ #.#
#.##g.......
#.#
#.##sg.....#
#.#
#.##hr......
#.#
#..S@gJ.....
#.#
#..###..####
#.# #..# ..#
#.# #..# ..#
#.####..# ..#
#....#..# .#
#####.....##
#.........[##.
#.###..........


You could see a scorpion, a hound, a jelly, 3 gnolls, an adder and a quokka.

Vanquished Creatures
  2 necrophages
  2 ogres
  A scorpion (D:4)
  2 hounds (D:4)
  An orc priest (D:4)
  Terence (D:2)
  2 orc wizards (D:4)
  4 gnolls (D:5)
  5 adders
  A worm (D:2)
  3 dart slugs
  12 orcs
  4 bats
  4 endoplasms
  3 giant cockroaches
  10 goblins
  10 hobgoblins
  4 jackals (D:2)
  2 quokkas
  11 ball pythons
  2 frilled lizards
  8 kobolds
  4 rats
98 creatures vanquished.

Vanquished Creatures (others)
  4 plants (D:4)
4 creatures vanquished.

Grand Total: 102 creatures vanquished

Notes
Turn   | Place    | Note
-------+----------+-------------------------------------------
     0 | D:1      | sammy202020 the Demonspawn Fighter began the quest for the
                  | Orb.
     0 | D:1      | Reached XP level 1. HP: 18/18 MP: 1/1
   351 | D:1      | Found Isanay's Antique Armour Shoppe.
   451 | D:1      | Gained mutation: You are partially covered in icy blue
                  | scales. (AC +2) [demonic ancestry]
   451 | D:1      | Reached XP level 2. HP: 22/24 MP: 2/2
  1370 | D:2      | Reached XP level 3. HP: 25/29 MP: 3/3
  1565 | D:2      | Noticed Terence
  1575 | D:2      | Killed Terence
  1576 | D:2      | Reached skill level 1 in Dodging
  1576 | D:2      | Gained mutation: You have large cloven feet. [demonic
                  | ancestry]
  1576 | D:2      | Reached XP level 4. HP: 18/35 MP: 4/4
  1790 | D:2      | Found a faded altar of an unknown god.
  1900 | D:2      | Noticed a necrophage
  1908 | D:2      | Killed a necrophage
  1909 | D:2      | Reached XP level 5. HP: 36/42 MP: 5/5
  2549 | D:3      | Noticed a necrophage
  2566 | D:3      | Killed a necrophage
  2567 | D:3      | Reached XP level 6. HP: 43/48 MP: 6/6
  3086 | D:3      | Found a sacrificial altar of Ru.
  3092 | D:3      | Found a shimmering altar of Xom.
  4653 | D:4      | Gained mutation: You sometimes gain a little power by
                  | taking damage. [demonic ancestry]
  4653 | D:4      | Reached XP level 7. HP: 31/55 MP: 7/7
  4986 | D:4      | Found a staircase to the Ecumenical Temple.
  5033 | Temple   | Entered the Ecumenical Temple
  5511 | Temple   | Became a worshipper of Hepliaklqana the Forgotten
  6221 | D:5      | Entered Level 5 of the Dungeon
  6587 | D:5      | Slain by an adder

Illustrated notes

Levels and vault maps discovered:
D:1:      dpeg_arrival_houses_and_road, layout_basic, serial_shops,
          nicolae_shop_temple_entry_statues_fountains
D:2:      layout_loops_cross, hellmonk_ecumenical_altar_lost_god,
          grunt_decor_one_mirror, mrwooster_statue_mirror, chequers_avenue,
          chequers_serial_rivers_room_b, uniq_terence
D:3:      layout_basic, minitemple
D:4:      layout_basic, minmay_temple_entry_overgrown
D:5:      layout_loops_ring, lemuel_flame_loot_1
Temple:   mainiacjoe_temple_cubbyholes

Skill      XL: |  1  2  3  4  5  6  7 |
---------------+----------------------+-----
Maces & Flails | 2 3 |  3.7
Shields        | 3 4 |  4.3
Armour         | 3 4 |  4.3
Dodging        | 1 2 3 |  3.0
Fighting       | 4 |  4.8

Action                   |  1- 3 |  4- 6 |  7- 9 || total
-------------------------+-------+-------+-------++-------
Melee: Flail             |   103 |   168 |    75 ||   346
       Kick              |       |    32 |    19 ||    51
  Use: Scroll            |       |     7 |     1 ||     8
       Potion            |       |     2 |       ||     2
Armor: Scale mail        |    59 |    74 |    33 ||   166
Dodge: Dodged            |    65 |    86 |    50 ||   201
Block: Buckler           |    24 |    43 |    15 ||    82

Table legend: (Time is in decaauts)
 A = Elapsed time spent in this place.
 B = Non-inter-level travel time spent in this place.
 C = Inter-level travel time spent in this place.
 D = Time resting spent in this place.
 E = Time spent auto-exploring this place.
 F = Levels seen in this place.
 G = Mean time per level.
                   A        B        C        D        E       F      G
               +--------+--------+--------+--------+--------+-----+--------+
         Total |   6691 |   6418 |    273 |    142 |   5043 |   6 | 1115.2 |
       Dungeon |   6049 |   5828 |    221 |    142 |   4851 |   5 | 1209.8 |
        Temple |    641 |    589 |     52 |      0 |    192 |   1 |  641.0 |
               +--------+--------+--------+--------+--------+-----+--------+

Top non-repeatable levels by time:
     D:4: 2120 daAuts
     D:1: 1384 daAuts
     D:3: 1145 daAuts
     D:2: 1027 daAuts
  Temple: 641 daAuts
     D:5: 373 daAuts
